 Dungeon Crawl Stone Soup version 0.32-a0-909-gc671339a80 (webtiles) character file.

Game seed: 12485579773092003151

144 Chiseanne the Chopper (level 5, -2/39 HPs)
             Began as a Demonspawn Wanderer on Apr 7, 2024.
             Slain by Blork the orc
             ... wielding a +0 long sword
              (3 damage)
             ... while paralysed by Grinder
             ... on level 4 of the Dungeon.
             The game lasted 00:05:37 (3173 turns).

Chiseanne the Chopper (Demonspawn Wanderer)         Turns: 3173, Time: 00:05:38

Health: -2/39      AC:  9    Str: 13    XL:     5   Next: 5%
Magic:  6/6        EV:  2    Int: 18    God:
Gold:   153        SH:  0    Dex: 14    Spells: 5/6 levels left

rFire   . . .        a - +3 hand axe
rCold   . . .        (no shield)
rNeg    . . .        d - +0 scale mail
rPois   .            b - +0 helmet
rElec   .            e - +1 cloak
rCorr   .            (no gloves)
SInv    .            (no boots)
Will    .....        m - amulet of the acrobat Stlth
                     n - +6 ring of intelligence
HPRegen 0.26/turn    (no ring)
MPRegen 0.10/turn

%: acrobat
@: paralysed
A: large bone plates 1, foul stench 1, powered by pain 1
a: no special abilities


You were on level 4 of the Dungeon.
You visited 1 branch of the dungeon, and saw 4 of its levels.

You collected 153 gold pieces.

Inventory:

Hand Weapons
 a - a +3 hand axe (weapon)
Missiles
 f - 37 stones
Armour
 b - a +0 helmet (worn)
 d - a +0 scale mail (worn)
 e - a +1 cloak (worn)
Jewellery
 h - an amulet of faith
 j - a ring of ice
 m - an amulet of the acrobat (around neck)
 n - a +6 ring of intelligence (left hand)
Scrolls
 i - a scroll of teleportation
Potions
 c - a potion of mutation
 l - a potion of cancellation


   Skills:
 * Level 2.6 Fighting
 - Level 3.6 Axes
 * Level 2.6 Armour
 * Level 3.0 Dodging
 - Level 1.0 Spellcasting
 - Level 2.0 Hexes


You had 5 spell levels left.
You knew the following spells:

 Your Spells              Type           Power      Damage    Failure   Level
a - Slow                  Hex            32%        N/A       36%         1

Your spell library contained the following spells:

 Spells                   Type           Power      Damage    Failure   Level
 Dazzling Flash           Conj/Hex       8%         N/A       87%         3


Dungeon Overview and Level Annotations

Branches:
Dungeon (4/15)
 Temple: D:4-7

Altars:
Kikubaaqudgha
Vehumet

Annotations:
D:2 Terence
D:4 Blork the orc, Grinder


Innate Abilities, Weirdness & Mutations

You are partially covered in large bone plates. (SH +4)
You may rarely emit foul miasma when damaged in melee.
You sometimes gain a little power by taking damage.


Message History

Blork the orc says, "I had no talent until I found my suspenders."
Blork the orc miscasts a cantrip.
You hit Blork the orc.
Blork the orc is moderately wounded.
Blork the orc hits you with a +0 long sword!
You hit Blork the orc.
Blork the orc is moderately wounded.
You block Blork the orc's attack.
You hit Blork the orc.
Blork the orc is moderately wounded.
Blork the orc casts a spell at you. The puff of flame hits you.
You hit Blork the orc.
Blork the orc is heavily wounded.
Blork the orc casts a spell.
Blork the orc seems to speed up.
Grinder shouts!
You hit Blork the orc.
Blork the orc is heavily wounded.
Blork the orc hits you with a +0 long sword!
* * * LOW HITPOINT WARNING * * *
You emit a cloud of foul miasma!
Blork the orc is engulfed in dark miasma.
Blork the orc is poisoned.
Blork the orc seems to slow down.
Blork the orc hits you with a +0 long sword.
* * * LOW HITPOINT WARNING * * *
Grinder gestures at you.
You suddenly lose the ability to move!
Blork the orc is no longer moving slowly.
Blork the orc is engulfed in dark miasma.
Blork the orc looks even sicker.
Blork the orc casts a spell at you. The puff of flame hits you.
* * * LOW HITPOINT WARNING * * *
Grinder says, "Tell me all your secrets, or I'll kill you."
Blork the orc is engulfed in dark miasma.
Blork the orc looks even sicker.
Blork the orc hits you with a +0 long sword.
You die...
Blork the orc shouts, "I believe in me!"

.. .# ...!..# #.###.#
..... ##o.... ......#
#...... ....#.## #.....
##..#<.# #..... #....#.#
#.....##....#.#######
#.#@<..........#
#...#o.........##.#
#....#...........#.#####
#.....##................#
#../.# #...........#.##.
#...# ...........).#
#.### ........5...## ##
#........#....# .
#..>..#.....#.#


You could see Grinder and Blork the orc (fast, very poisoned).

Vanquished Creatures
  A bombardier beetle (D:3)
  3 adders
  2 dart slugs (D:1)
  3 ribbon worms
  8 endoplasms
  4 giant cockroaches
  5 hobgoblins
  11 jackals
  4 quokkas
  7 ball pythons
  7 bats
  4 frilled lizards (D:1)
  5 goblins
  4 kobolds
  5 rats
73 creatures vanquished.

Vanquished Creatures (others)
  A human (D:3)
1 creature vanquished.

Grand Total: 74 creatures vanquished

Notes
Turn   | Place    | Note
-------+----------+-------------------------------------------
     0 | D:1      | Chiseanne the Demonspawn Wanderer began the quest for the
                  | Orb.
     0 | D:1      | Chiseanne set off with the following items: a +2 hand axe,
                  | a +0 helmet, a potion of mutation, a +0 robe; and the
                  | following spell memorised: Slow; and the following spells
                  | available to memorise: Dazzling Flash.
     0 | D:1      | Reached XP level 1. HP: 13/13 MP: 2/2
    40 | D:1      | Found a faded altar of an unknown god.
   210 | D:1      | Gained mutation: You sometimes gain a little power by
                  | taking damage. [demonic ancestry]
   210 | D:1      | Reached XP level 2. HP: 20/20 MP: 3/3
   286 | D:1      | Reached skill level 1 in Fighting
   381 | D:1      | Gained mutation: You are partially covered in large bone
                  | plates. (SH +4) [demonic ancestry]
   381 | D:1      | Reached XP level 3. HP: 26/26 MP: 4/4
   775 | D:2      | Noticed Terence
   811 | D:2      | Found a radiant altar of Vehumet.
  1319 | D:2      | Gained mutation: You may rarely emit foul miasma when
                  | damaged in melee. [demonic ancestry]
  1319 | D:2      | Reached XP level 4. HP: 33/33 MP: 5/5
  2547 | D:3      | Found an ancient bone altar of Kikubaaqudgha.
  2550 | D:3      | Noticed a human
  2553 | D:3      | Killed a human
  2655 | D:3      | Reached XP level 5. HP: 39/39 MP: 6/6
  2987 | D:4      | Noticed Grinder
  3156 | D:4      | Noticed Blork the orc
  3171 | D:4      | Paralysed by Grinder for 5 turns
  3172 | D:4      | HP: 1/39 [Blork the orc/puff of flame (4)]
  3173 | D:4      | Slain by Blork the orc

Illustrated notes

Levels and vault maps discovered:
D:1:      dpeg_arrival_water_temple_mockup, layout_loops_ring,
          shapermc_ecumenical_altar_venn, minmay_nonomino_d4
D:2:      layout_basic, basic_altar, serial_bayou, serial_bayou_lagoon_b,
          serial_bayou_shore_a, serial_bayou_pond_e, serial_bayou_lake_a,
          uniq_terence
D:3:      layout_loops_corners, tgw_kikubaaqudgha, minmay_misc_feat_tower
D:4:      nicolae_BIG_FREAKIN_CUBE, layout_rooms, nicolae_nh_ransacked_shop,
          uniq_grinder, uniq_duvessa, uniq_blork_the_orc

Skill      XL: |  1  2  3  4 |
---------------+-------------+-----
Dodging        | 2 3 |  3.0
Fighting       | 1 2 |  2.6
Armour         | 2 |  2.6
Axes           | |  3.6
Spellcasting   | |  1.0
Hexes          | |  2.0

Action                     |  1- 3 |  4- 6 || total
---------------------------+-------+-------++-------
  Melee: Hand axe          |   141 |    89 ||   230
    Use: Scroll            |     3 |     6 ||     9
   Stab: Sleeping          |     1 |       ||     1
 Armour: Robe              |    61 |       ||    61
         Ring mail         |    10 |     7 ||    17
         Scale mail        |       |    40 ||    40
  Dodge: Dodged            |    92 |    50 ||   142
  Block: Other             |    18 |    17 ||    35

Table legend: (Time is in decaauts)
 A = Elapsed time spent in this place.
 B = Non-inter-level travel time spent in this place.
 C = Inter-level travel time spent in this place.
 D = Time resting spent in this place.
 E = Time spent auto-exploring this place.
 F = Levels seen in this place.
 G = Mean time per level.
                   A        B        C        D        E       F      G
               +--------+--------+--------+--------+--------+-----+--------+
         Total |   3265 |   3105 |    160 |    401 |   2072 |   4 |  816.2 |
       Dungeon |   3265 |   3105 |    160 |    401 |   2072 |   4 |  816.2 |
               +--------+--------+--------+--------+--------+-----+--------+

Top non-repeatable levels by time:
     D:2: 1225 daAuts
     D:3: 1151 daAuts
     D:1: 779 daAuts
     D:4: 109 daAuts
